 Dungeon Crawl Stone Soup version 0.29-a0-789-g7a8fcbc185 (webtiles) character file.

Game seed: 3714692797420785988

40635 frimble the Spear-Bearer (level 13, -8/183 HPs)
             Began as a Minotaur Monk on July 2, 2022.
             Was the Champion of Cheibriados.
             Killed from afar by a fire dragon (42 damage)
             ... with a blast of flame
             ... on level 4 of the Lair of Beasts.
             The game lasted 00:18:42 (14343 turns).

frimble the Spear-Bearer (Minotaur Monk)           Turns: 14343, Time: 00:18:42

Health: -8/183     AC: 26    Str: 31    XL:     13   Next: 75%
Magic:  8/19       EV:  2    Int: 26    God:    Cheibriados [******]
Gold:   728        SH:  0    Dex: 29    Spells: 7/12 levels left

rFire   . . .      SeeInvis .   w - +3 demon trident (flame)
rCold   . . .      Faith    .   (no shield)
rNeg    . . .      Spirit   .   (body armour currently unavailable)
rPois   +          Reflect  .   (helmet currently unavailable)
rElec   .          Harm     .   (cloak currently unavailable)
rCorr   .          Rampage  .   (gloves currently unavailable)
Will    .....      NoTele   +   (boots currently unavailable)
Stlth   +++.......              (no amulet)
HPRegen 0.40/turn               b - ring of poison resistance
MPRegen 0.16/turn               s - +4 ring of evasion

@: mighty, tree-form, frozen, very slow
A: stationary, stasis, torment immunity, boosted hp, (horns 2), (retaliatory
headbutt)
a: Renounce Religion, Bend Time, Temporal Distortion, Slouch, Step From Time


You were on level 4 of the Lair of Beasts.
You worshipped Cheibriados.
Cheibriados was exalted by your worship.
You were a tree.
You visited 2 branches of the dungeon, and saw 17 of its levels.

You collected 728 gold pieces.

Inventory:

Hand Weapons
 m - a +1 trident of venom
 w - a +3 demon trident of flaming (weapon)
Missiles
 j - 9 javelins (quivered)
 o - 15 poisoned darts
Armour
 k - a +0 pair of gloves (melded)
 u - a +1 troll leather armour (melded)
 D - a +0 cloak (melded)
Jewellery
 b - a ring of poison resistance (left branch)
 l - a ring of positive energy
 r - a ring of protection from cold
 s - a +4 ring of evasion (right branch)
Wands
 g - a wand of roots (1)
 p - a wand of paralysis (15)
 t - a wand of mindburst (4)
Scrolls
 d - a scroll of blinking
 f - 4 scrolls of teleportation
 i - 2 scrolls of identify
 x - a scroll of fog
 y - a scroll of brand weapon
 C - a scroll of poison
Potions
 a - 2 potions of flight
 c - a potion of ambrosia
 e - 12 potions of curing
 n - 3 potions of might
 q - 2 potions of brilliance
 v - 2 potions of attraction
 z - a potion of mutation


   Skills:
 + Level 13.0 Fighting
 + Level 13.1 Polearms
 + Level 9.8 Throwing
 + Level 10.4 Dodging
 - Level 2.2 Stealth
 + Level 5.3 Transmutations
 - Level 6.0 Ice Magic
 + Level 9.4 Invocations


You had 7 spell levels left.
You knew the following spells:

 Your Spells              Type           Power      Damage    Failure   Level
a - Ozocubu's Armour      Ice            31%        N/A       3%          3
b - Wereblood             Tmut           27%        N/A       2%          2

Your spell library contained the following spells:

 Spells                   Type           Power      Damage    Failure   Level
 Beastly Appendage        Tmut           54%        N/A       1%          1
 Frozen Ramparts          Ice            62%        1d8       3%          3
 Ensorcelled Hibernation  Hex/Ice        30%        N/A       5%          2
 Passwall                 Tmut/Erth      10%        N/A       6%          2
 Ice Form                 Ice/Tmut       29%        N/A       12%         4
 Foxfire                  Conj/Fire      0%         2x1d4     13%         1
 Slow                     Hex            0%         N/A       13%         1
 Spider Form              Tmut/Pois      13%        N/A       13%         3
 Sublimation of Blood     Necr           0%         N/A       19%         2
 Confusing Touch          Hex            0%         N/A       36%         3
 Conjure Flame            Conj/Fire      0%         6-21      36%         3
 Inner Flame              Hex/Fire       0%         N/A       36%         3
 Swiftness                Air            0%         N/A       36%         3
 Tukima's Dance           Hex            0%         N/A       36%         3
 Vampiric Draining        Necr           0%         2d6       36%         3
 Summon Ice Beast         Ice/Summ       15%        N/A       36%         4
 Metabolic Englaciation   Hex/Ice        7%         N/A       71%         5
 Yara's Violent Unravell  Hex/Tmut       6%         3d5       75%         5
 Flame Wave               Conj/Fire      0%         2d4       77%         4
 Passage of Golubria      Tloc           0%         N/A       77%         4
 Fireball                 Conj/Fire      0%         3d3       98%         5
 Iskenderun's Battlesphe  Conj           0%         2d6       98%         5
 Simulacrum               Ice/Necr       7%         N/A       99%         6
 Conjure Ball Lightning   Conj/Air       0%         3x3d6     100%        6
 Orb of Destruction       Conj           0%         9d5       100%        7
 Summon Hydra             Summ           0%         N/A       100%        7


Dungeon Overview and Level Annotations

Branches:
Dungeon (11/15)            Temple (0/1) D:7            Lair (6/6) D:8
 Shoals (0/4) Lair:2       Spider (0/4) Lair:2          Orc (0/2) D:9
  Slime: Lair:5-6

Altars:
Cheibriados
Elyvilon
Gozag
Nemelex Xobeh
Trog
Wu Jian
Xom
Yredelemnul
Zin

Shops:
D:4 [   D:5 *

Annotations:
D:8 2 transporters


Innate Abilities, Weirdness & Mutations

You are a tree.
Your roots penetrate the ground, keeping you stationary.
You cannot be teleported.
You are immune to unholy pain and torment.
Your maximum health is greatly increased.
Your equipment is partially melded.
((You have a pair of horns on your head.))
((You reflexively headbutt those who attack you in melee.))


Message History

The seven-headed hydra bites you but does no damage. x3
The seven-headed hydra barely misses you.
The seven-headed hydra bites you but does no damage. x2
You impale the seven-headed hydra!! You burn the seven-headed hydra!
The seven-headed hydra is almost dead.
You impale the seven-headed hydra!! You burn the seven-headed hydra.
You kill the seven-headed hydra!
Cheibriados thoroughly appreciates the change of pace.
Aiming: Mindburst
Press: ? - help, Shift-Dir - straight line, f - fire dragon
Aim: a fire dragon (chance to affect: 29%)
Okay, then.
Unknown command.
Okay, then.
Unknown command.
Aiming: Paralyse
Press: ? - help, Shift-Dir - straight line, f - fire dragon
Aim: a fire dragon (chance to affect: 17%)
Okay, then.
Unknown command.
Okay, then.
Unknown command.
You feel very mighty all of a sudden. The rime drake breathes ice at you.
The flash freeze hits you.
* * * LOW HITPOINT WARNING * * *
You are encased in ice.
Throw: 10 javelins
Press: ? - help, Q - select action, (/) - cycle Shift-Dir - straight line, f - fire dragon
Aim: a fire dragon (78% to hit)
You throw a javelin.
The javelin barely misses the fire dragon.
Reach: w) +3 demon trident (flame)
Press: ? - help, Dir - move target, f/p - fire dragon
Aim: a fire dragon (about 20% to evade your +3 demon trident of flaming)
You reach to attack!
You hit the fire dragon but do no damage.
The fire dragon breathes flames at you. The blast of flame hits you!!!
You die...

#..# #...##.#.....#.....
#...###(.(.(............
..........(†............
..........††............
.........†††††..........
..........†..†.D........
.....k.D[.####.#........
.#P...†### ####......#
#....♣# #P## ##.....#
##.....#P.... #.....#
#....P##.....##......
#.....# #........
.....................#
###.....#P######.....(.
#....### ##...... ......
#...... .......


You could see a fire dragon (catching breath) and a rime drake.

Vanquished Creatures
  A hydra (Lair:4)
  A catoblepas (Lair:4)
  A two-headed ogre (D:10)
  10 death yaks
  10 elephants (Lair:2)
  4 black mambas
  Maggie (D:7)
  15 cane toads
  5 rime drakes
  11 komodo dragons
  3 trolls
  2 ice devils (Lair:2)
  A hornet (D:9)
  Prince Ribbit (D:7)
  6 dream sheep (Lair:4)
  13 blink frogs
  A culicivora (Lair:2)
  2 wyverns
  5 wraiths
  A water elemental (D:11)
  A shadow (D:9)
  27 yaks
  Grum (D:10)
  2 basilisks
  2 vampire mosquitoes (D:11)
  3 steam dragons
  An acid dragon (D:11)
  3 orc warriors
  14 water moccasins
  5 black bears
  An ogre (D:6)
  18 wolves
  2 centaurs
  2 phantoms (D:9)
  2 kobold brigands
  A necrophage (D:6)
  A scorpion (D:4)
  20 bullfrogs
  6 wights
  2 troll zombies (D:9)
  21 killer bees
  An electric eel (D:8)
  4 howler monkeys (D:10)
  2 vampire bats (Lair:2)
  3 jellies
  4 orc priests
  7 hounds
  A bouda (Lair:1)
  9 orc wizards
  Terence (D:2)
  4 iguanas
  6 ogre zombies (D:9)
  4 gnolls (D:5)
  7 adders
  2 white imps
  An ufetubus (D:5)
  4 worms
  5 dart slugs
  42 orcs
  8 ball pythons
  7 endoplasms
  4 giant cockroaches
  5 goblins
  4 hobgoblins
  2 jackals (D:3)
  12 kobolds
  5 quokkas
  12 bats
  2 frilled lizards
  2 goblin skeletons (D:9)
  6 goblin zombies (D:9)
  3 hobgoblin zombies (D:9)
  14 orc zombies (D:9)
  5 rats
427 creatures vanquished.

Vanquished Creatures (others)
  21 fungi
  12 plants
33 creatures vanquished.

Grand Total: 460 creatures vanquished

Notes
Turn   | Place    | Note
-------+----------+-------------------------------------------
     0 | D:1      | frimble the Minotaur Monk began the quest for the Orb.
     0 | D:1      | Reached XP level 1. HP: 19/19 MP: 0/0
   466 | D:1      | Found a faded altar of an unknown god.
   502 | D:1      | Reached XP level 2. HP: 27/27 MP: 1/1
  1138 | D:2      | Reached XP level 3. HP: 33/33 MP: 2/2
  1419 | D:2      | Noticed Terence
  1964 | D:3      | Reached XP level 4. HP: 40/40 MP: 3/3
  2081 | D:3      | Found a white marble altar of Elyvilon.
  2338 | D:4      | Noticed a black bear
  2347 | D:4      | Killed a black bear
  2348 | D:4      | Reached skill level 5 in Fighting
  2348 | D:4      | Reached skill level 5 in Polearms
  2348 | D:4      | Reached XP level 5. HP: 28/48 MP: 4/4
  2532 | D:4      | Found Suohohun's Armour Boutique.
  2653 | D:4      | Reached XP level 6. HP: 53/56 MP: 5/5
  2700 | D:4      | Reached skill level 5 in Dodging
  3158 | D:4      | Reached XP level 7. HP: 45/63 MP: 6/6
  3761 | D:2      | Killed Terence
  3762 | D:2      | Reached skill level 1 in Throwing
  3844 | D:5      | Entered Level 5 of the Dungeon
  3847 | D:5      | Found a glowing silver altar of Zin.
  3848 | D:5      | Found Zin's Purification Station.
  4629 | D:5      | Found a snail-covered altar of Cheibriados.
  4661 | D:5      | Became a worshipper of Cheibriados the Contemplative
  4661 | D:5      | Reached * piety under Cheibriados
  4661 | D:5      | Reached ** piety under Cheibriados
  4956 | D:6      | Reached skill level 1 in Invocations
  4956 | D:6      | Reached XP level 8. HP: 45/73 MP: 7/7
  4964 | D:6      | Learned a level 3 spell: Ozocubu's Armour
  5445 | D:6      | Reached skill level 1 in Ice Magic
  5741 | D:6      | Found an ornate altar of the Wu Jian Council.
  5742 | D:6      | Found a sparkling altar of Nemelex Xobeh.
  5830 | D:7      | Found a staircase to the Ecumenical Temple.
  5891 | D:7      | Noticed Prince Ribbit
  5899 | D:7      | Killed Prince Ribbit
  5965 | D:7      | Noticed Maggie
  5976 | D:7      | Killed Maggie
  5976 | D:7      | Reached *** piety under Cheibriados
  5977 | D:7      | Reached XP level 9. HP: 36/81 MP: 10/10
  6821 | D:7      | Identified the +1 falchion of Ash {venom, rElec rC+ Int+3
                  | Dex+2}
  6898 | D:7      | Reached skill level 5 in Throwing
  7252 | D:7      | Found a bloodstained altar of Trog.
  7471 | D:8      | Reached **** piety under Cheibriados
  7678 | D:8      | Noticed a kobold demonologist
  7682 | D:8      | Found a transporter.
  7697 | D:8      | Noticed a kobold demonologist
  7814 | D:8      | Found a staircase to the Lair.
  7814 | D:8      | Noticed a death yak
  7814 | D:8      | Noticed a death yak
  7814 | D:8      | Noticed a death yak
  7816 | D:8      | Noticed a death yak
  7824 | D:8      | Noticed a death yak
  7828 | D:8      | Killed a death yak
  7828 | D:8      | Noticed a death yak
  7828 | D:8      | Noticed a death yak
  7829 | D:8      | Reached skill level 5 in Invocations
  7829 | D:8      | Reached XP level 10. HP: 38/91 MP: 9/12
  7833 | D:8      | Killed a death yak
  7839 | D:8      | Killed a death yak
  7845 | D:8      | Killed a death yak
  7846 | D:8      | Reached skill level 10 in Fighting
  7846 | D:8      | Reached skill level 10 in Polearms
  8397 | D:8      | Killed a death yak
  8405 | D:8      | Killed a death yak
  8408 | D:8      | Killed a death yak
  8409 | D:8      | Reached XP level 11. HP: 78/101 MP: 12/14
  8634 | D:8      | Found a transporter.
  9002 | D:9      | Paralysed by a hornet for 3 turns
  9149 | D:9      | Found a staircase to the Orcish Mines.
  9167 | D:9      | Reached ***** piety under Cheibriados
  9194 | D:9      | Learned a level 2 spell: Wereblood
  9625 | D:9      | Found a shimmering altar of Xom.
  9967 | D:10     | Entered Level 10 of the Dungeon
 10007 | D:10     | Found an opulent altar of Gozag.
 10237 | D:10     | Reached skill level 1 in Transmutations
 10368 | D:10     | Noticed Grum
 10383 | D:10     | Killed Grum
 10427 | D:10     | Reached skill level 5 in Ice Magic
 10614 | D:10     | Found a basalt altar of Yredelemnul.
 10820 | D:10     | Noticed a two-headed ogre
 10827 | D:10     | Killed a two-headed ogre
 11562 | D:11     | Found Zoirph Nevved's Assorted Antiques.
 11805 | Lair:1   | Entered Level 1 of the Lair of Beasts
 11939 | Lair:1   | Reached XP level 12. HP: 58/110 MP: 16/16
 12794 | Lair:2   | Noticed a death yak
 12796 | Lair:2   | Noticed a death yak
 12798 | Lair:2   | Noticed a death yak
 12821 | Lair:2   | Killed a death yak
 12830 | Lair:2   | Killed a death yak
 12839 | Lair:2   | Killed a death yak
 12900 | Lair:2   | Found a hole to the Spider Nest.
 13001 | Lair:2   | Reached XP level 13. HP: 93/118 MP: 18/18
 13281 | Lair:2   | Found a staircase to the Shoals.
 13871 | Lair:3   | Reached ****** piety under Cheibriados
 14142 | Lair:3   | You fall into a shaft and drop 3 floors!
 14142 | Lair:6   | Entered Level 6 of the Lair of Beasts
 14289 | Lair:4   | Reached skill level 10 in Dodging
 14297 | Lair:4   | Reached skill level 5 in Transmutations
 14335 | Lair:4   | Noticed a fire dragon
 14343 | Lair:4   | Killed from afar by a fire dragon

Illustrated notes

Levels and vault maps discovered:
D:1:      matt_arrival_grand_opening, layout_basic,
          ebering_ecumenical_altar_hall, grunt_decor_cap
D:2:      layout_rooms, uniq_terence
D:3:      layout_loops_ring, mainiacjoe_overflow_alcove_2, nrook_campfire
D:4:      layout_rooms, serial_shops, shop, minmay_quadrilaterals
D:5:      layout_basic, zin_purify, kennysheep_slug_shrine, st_stairs_14
D:6:      layout_gridville, gammafunk_temple_overflow_pools
D:7:      layout_basic, lightli_temple_of_fire, minmay_temple_entry_butterflies,
          uniq_maggie, uniq_prince_ribbit1
D:8:      gammafunk_wand_slinger, layout_basic, dpeg_lair_monsters,
          kennysheep_generic_room_3
D:9:      layout_loops_cross, kennysheep_mini_moat, zombieorc2_lemuel
D:10:     layout_loops_corners, kennysheep_little_box,
          mainiacjoe_overflow_boulevard, serial_co_window_serial,
          co_window_of_opportunity_a, co_window_paths_a, co_window_paths_b,
          co_window_paths_b, co_window_of_opportunity_a,
          co_window_of_opportunity_a, co_window_paths_b, co_window_2corner,
          co_window_of_opportunity_b, co_window_unsneaky_path_a,
          co_window_paths_d, glass_columns_a, glass_columns_a, glass_columns_c,
          uniq_grum
D:11:     layout_basic, gauntlet_entry_generic, serial_shops,
          nicolae_shop_advertising_works [nicolae_subvault_shop_adworks]
Lair:1:   layout_roguey, serial_bayou_pond_a, dreamdust_gnoll_shepherd
Lair:2:   layout_misc_corridors, shoals_dummy_entry,
          hellmonk_spider_entry_life_and_decay, portal_ice_cave_demonic_guard,
          roderic_batcave, chequers_serial_rivers_micro_a,
          infiniplex_staircase_pool, serial_bayou_shore_b, grunt_megastairs_5,
          lemuel_fruit_fields
Lair:3:   hellmonk_destroyed_diamonds, layout_cave_pods, serial_bayou_shore_b,
          grunt_megastairs_4, lemuel_fruit_tree
Lair:4:   layout_regular_city, bobbens_dragon_lair_wall
Lair:5:   layout_gridlike, grunt_megastairs_3, lemuel_fruit_fields,
          infiniplex_staircase_pool_2
Lair:6:   minmay_lair_end_frog_pond, layout_long_grid, slime_entry_1

Skill      XL: |  1  2  3  4  5  6  7  8  9 10 11 12 13 |
---------------+----------------------------------------+-----
Fighting       | 4 5 6 7 8 9 10 11 12 13 | 13.0
Polearms       | 4 5 6 7 8 9 10 11 12 13 | 13.1
Stealth        | 2 |  2.2
Dodging        | 4 5 7 8 9 10 | 10.4
Throwing       | 2 4 5 6 7 8 9 |  9.8
Invocations    | 1 3 5 6 7 8 9 |  9.4
Ice Magic      | 2 3 4 5 6 |  6.0
Transmutations | 2 4 5 |  5.3

Action                   |  1- 3 |  4- 6 |  7- 9 | 10-12 | 13-15 || total
-------------------------+-------+-------+-------+-------+-------++-------
Melee: Spear             |   112 |   129 |    26 |       |       ||   267
       Headbutt          |    15 |    20 |    56 |   102 |    56 ||   249
       Punch             |     2 |     5 |     1 |     7 |     1 ||    16
       Trident           |       |       |   123 |       |       ||   123
       Demon trident     |       |       |   120 |   449 |   189 ||   758
Throw: Javelin           |       |     3 |     3 |       |     2 ||     8
       Dart              |       |       |    20 |    36 |     4 ||    60
 Cast: Ozocubu's Armour  |       |       |     4 |     1 |       ||     5
Invok: Slouch            |       |       |       |     5 |     3 ||     8
Evoke: Wand              |       |       |       |     3 |       ||     3
  Use: Scroll            |       |     8 |    13 |    13 |     3 ||    37
       Potion            |       |       |     2 |     4 |     2 ||     8
 Stab: Sleeping          |     7 |     1 |     3 |     9 |     3 ||    23
       Distracted        |       |     2 |     1 |     1 |     2 ||     6
       Invisible         |       |       |       |     7 |       ||     7
Armor: Robe              |    12 |    14 |    29 |     2 |       ||    57
       Troll leather arm |       |       |       |    44 |    12 ||    56
       Steam dragon scal |       |       |       |     5 |       ||     5
       Skin              |       |       |       |       |     8 ||     8
Dodge: Dodged            |    36 |    66 |   173 |   424 |   164 ||   863

Table legend: (Time is in decaauts)
 A = Elapsed time spent in this place.
 B = Non-inter-level travel time spent in this place.
 C = Inter-level travel time spent in this place.
 D = Time resting spent in this place.
 E = Time spent auto-exploring this place.
 F = Levels seen in this place.
 G = Mean time per level.
                   A        B        C        D        E       F      G
               +--------+--------+--------+--------+--------+-----+--------+
         Total |  18681 |  17643 |   1038 |    467 |  14109 |  17 | 1098.9 |
       Dungeon |  14740 |  13776 |    964 |    467 |  11172 |  11 | 1340.0 |
          Lair |   3941 |   3868 |     73 |      0 |   2937 |   6 |  656.8 |
               +--------+--------+--------+--------+--------+-----+--------+

Top non-repeatable levels by time:
     D:8: 2148 daAuts
    D:10: 1855 daAuts
     D:7: 1645 daAuts
  Lair:2: 1533 daAuts
     D:9: 1522 daAuts
     D:6: 1477 daAuts
  Lair:1: 1383 daAuts
     D:4: 1296 daAuts
    D:11: 1231 daAuts
     D:5: 1051 daAuts
     D:1: 975 daAuts
     D:3: 872 daAuts
  Lair:3: 780 daAuts
     D:2: 663 daAuts
  Lair:5: 111 daAuts
